 Dungeon Crawl Stone Soup version 0.32-a0-747-gc8563f6773 (webtiles) character file.

Game seed: 12322908758427590556

10304 greenreed the Fighter (level 11, -1/135 HPs)
             Began as a Coglin Gladiator on Mar 17, 2024.
             Was a Believer of Makhleb.
             Slain by a vampire (5 damage)
             ... on level 9 of the Dungeon.
             The game lasted 00:21:26 (8571 turns).

greenreed the Fighter (Coglin Gladiator)            Turns: 8571, Time: 00:21:31

Health: -1/135     AC: 25    Str: 16    XL:     11   Next: 60%
Magic:  14/14      EV:  2    Int:  8    God:    Makhleb [**....]
Gold:   223        SH:  0    Dex: 18    Spells: 10/10 levels left

rFire   . . .        K - +2 trident (drain) {Wilhemina}
rCold   . . .        F - +0 trident {Natsumi}
rNeg    . . .        j - melded +2 plate armour {rF+}
rPois   +            c - melded +0 helmet
rElec   .            a - melded +0 cloak {rPois}
rCorr   .            (gloves currently unavailable)
SInv    .            h - melded +2 pair of boots
Will    .....        (no amulet)
Stlth   +            (no ring)
HPRegen 0.42/turn    (no ring)
MPRegen 0.14/turn    (no gizmo)

%: no passive effects
@: confused, tree-form, studying Axes, revved
A: stationary, stasis, torment immunity, boosted hp, off-hand wielding, slow
wielding, warmup strikes, (no jewellery)
a: Invent Gizmo, Renounce Religion, Minor Destruction


You were on level 9 of the Dungeon.
You worshipped Makhleb.
Makhleb was pleased with you.
You were a tree.
You visited 2 branches of the dungeon, and saw 10 of its levels.

You collected 454 gold pieces.
You spent 231 gold pieces at shops.

Inventory:

Hand Weapons
 F - a +0 trident (offhand) {Natsumi}
 K - a +2 trident of draining (weapon) {Wilhemina}
Missiles
 e - a javelin
Armour
 a - a +0 cloak of poison resistance (melded)
 c - a +0 helmet (melded)
 h - a +2 pair of boots (melded)
 j - a +2 plate armour of fire resistance (melded)
Magical Staves
 t - the staff of Absolution {*Corrode rC+ Int+2 Dex+5 Summ Ice}
   (You found it on level 3 of the Dungeon)

   [staff of cold]

   Base accuracy: +5 Base damage: 5 Base attack delay: 1.2 This weapon's minimum
   attack delay (0.6) is reached at skill level 12.
   Int+2:     It affects your intelligence (+2).
   Dex+5:     It affects your dexterity (+5).
   rC+:       It protects you from cold.
   *Corrode:  It may corrode you when you take damage.
   Summ:      It increases the power of your Summonings spells.
   Ice:       It increases the power of your Ice spells.
   It falls into the 'Staves' category.
   It is a one-graspered weapon.
Wands
 d - a wand of charming (5)
 A - a wand of flame (27)
 E - a wand of roots (2)
Scrolls
 b - 3 scrolls of amnesia
 f - 6 scrolls of teleportation
 g - 2 scrolls of noise {unknown}
 i - 3 scrolls of fog
 l - a scroll of immolation {unknown}
 n - 2 scrolls of enchant armour
 o - 2 scrolls of blinking
 r - 3 scrolls of poison
 u - 2 scrolls of fear {unknown}
 w - a scroll of silence {unknown}
 x - 4 scrolls of vulnerability
 G - a scroll of torment {unknown}
 I - a scroll of brand weapon {unknown}
 J - a scroll of summoning {unknown}
Potions
 k - 2 potions of curing {unknown}
 m - 2 potions of mutation
 p - a potion of lignification
 q - a potion of cancellation {unknown}
 s - a potion of heal wounds {unknown}
 v - 2 potions of haste {unknown}
 z - 2 potions of might
 B - 2 potions of magic {unknown}
 C - 2 potions of enlightenment {unknown}
 D - 2 potions of brilliance {unknown}
 H - a potion of attraction {unknown}


   Skills:
 * Level 10.0 Fighting
 * Level 9.5 Polearms
 - Level 2.0 Throwing
 + Level 6.2 Armour
 + Level 7.1 Dodging
 + Level 4.5 Invocations


You had 10 spell levels left.
You didn't know any spells.
Your spell library contained the following spells:

 Spells                   Type           Power      Damage    Failure   Level
 Magic Dart               Conj           0%         1d3       41%         1
 Sandblast                Erth           0%         2d4       41%         1
 Mercury Vapours          Alch/Air       0%         N/A       54%         2
 Searing Ray              Conj           0%         2d4       54%         2
 Inner Flame              Hex/Fire       0%         N/A       78%         3
 Mephitic Cloud           Conj/Alch/Air  0%         N/A       78%         3
 Stone Arrow              Conj/Erth      0%         3d7       78%         3
 Brom's Barrelling Bould  Conj/Erth      0%         2d3       99%         4
 Flame Wave               Conj/Fire      0%         2d4       99%         4
 Fulminant Prism          Conj/Alch      0%         3d5       99%         4
 Ignite Poison            Fire/Alch      0%         N/A       99%         4
 Sticky Flame             Fire/Alch      0%         2d4       99%         4
 Freezing Cloud           Conj/Ice/Air   0%         6-21      100%        5
 Ignition                 Fire           0%         3d3       100%        8


Dungeon Overview and Level Annotations

Branches:
Dungeon (9/15)             Temple (1/1) D:5            Lair (0/5) D:8
    Orc: D:9-12

Altars:
Ashenzari
Cheibriados
Dithmenos
Elyvilon
Fedhas
Gozag
Kikubaaqudgha
Makhleb
Nemelex Xobeh
Qazlal
Ru
Trog
Vehumet
Wu Jian
Xom
Yredelemnul
Zin
The Shining One

Shops:
D:1 :   D:4 ?   D:6 *


Innate Abilities, Weirdness & Mutations

You are a tree.
Your roots penetrate the ground, keeping you stationary.
You cannot be teleported.
You are immune to unholy pain and torment.
Your maximum health is greatly increased.
Your equipment is partially melded.
You can wield a second weapon in your off-hand.
It takes a long time for you to wield or remove held weapons.
Your first few attacks do less damage.
((You cannot equip rings or amulets.))


Message History

You completely miss something with your +0 trident.
You bump into the rock wall.
You hear some strange, mumbled words.
You are more confused.
You bump into the rock wall.
You hear some strange, mumbled words.
You are more confused.
You hit something but do no damage.
You miss something with your +0 trident.
Something hits you.
* * * LOW HITPOINT WARNING * * *
Something bites you.
* * * LOW HITPOINT WARNING * * *
Something draws strength from your injuries!
You miss something with your +2 trident of draining.
You miss something with your +0 trident.
Something hits you but does no damage. Something bites you.
* * * LOW HITPOINT WARNING * * *
Something draws strength from your injuries!
You hit something but do no damage.
You hit something with your +2 trident of draining.
Something draws life force from you.
* * * LOW HITPOINT WARNING * * *
Unknown command.
You bump into the rock wall.
Something hits you.
* * * LOW HITPOINT WARNING * * *
Something bites you but does no damage.
You miss something with your +0 trident.
You hit something but do no damage. Something hits you but does no damage.
Something bites you.
* * * LOW HITPOINT WARNING * * *
Something draws strength from your injuries!
It was a potion of lignification.
You turn into a tree.
Your +0 cloak of poison resistance melds into your body.
Your +0 helmet melds into your body.
Your +2 pair of boots melds into your body.
Your +2 plate armour of fire resistance melds into your body.
You no longer feel resistant to poison.
You feel less resistant to fire.
Your roots penetrate the ground.
Something hits you.
You die...

. #. ....######.###.####
..##.##..........###.####
.........#######.)......
........####..........
#...........#.##.#### .
#######
#.....######.##.#### #
#.....## #...# #.##.##..
# #.###..###
##{########.##.##.#
###....#...## #♣#
#.....#...##..
#...##......####.#
#.####.######.
..#..#..#........# #.#
#.# ##.
..##...##.....#### #.#
#.#####.# .)###.###.....#
#.# #......##
##.##.##.###..# #.#
#######.# ###.#.#.###...#
#.# #.....
.####.####....# #.#
#.###. .....ß.......##
#.# #.# #.


There were no monsters in sight!

Vanquished Creatures
  Erolcha (D:9)
  A centaur warrior (D:9)
  A hydra (D:9)
  A tengu warrior (D:9)
  A boulder beetle (D:8)
  A deep elf pyromancer (D:8)
  An ugly thing (D:9)
  A manticore (D:8)
  A cyclops (D:8)
  Jeremiah (D:6)
  A slime creature (D:8)
  Sigmund (D:6)
  A shadow (D:9)
  5 yaks
  A vampire mosquito (D:8)
  A steam dragon (D:9)
  An acid dragon (D:8)
  3 water moccasins (D:8)
  Duvessa (D:5)
  A hornet zombie (D:6)
  3 black bears
  2 orc warriors
  An ogre (D:5)
  3 centaurs (D:8)
  3 phantoms
  A gnoll sergeant (D:9)
  6 scorpions
  6 wights
  Dowan (D:5)
  9 killer bees
  2 centaur zombies (D:6)
  2 jellies
  3 bullfrog zombies (D:6)
  2 bombardier beetles (D:5)
  5 hounds
  A gnoll bouda (D:5)
  An orc priest (D:9)
  2 centaur skeletons (D:6)
  3 sleepcaps
  6 orc wizards
  9 iguanas
  A killer bee zombie (D:6)
  10 gnolls
  6 adders
  2 river rats (D:8)
  A ribbon worm (D:2)
  15 orcs
  8 ball pythons
  7 bats
  5 endoplasms
  2 giant cockroaches
  7 goblins (D:1)
  8 hobgoblins
  6 jackals
  5 kobolds
  6 quokkas
  6 frilled lizards
  5 rats
197 creatures vanquished.

Vanquished Creatures (collateral kills)
  An orc priest (D:8)
  An orc (D:8)
2 creatures vanquished.

Grand Total: 199 creatures vanquished

Notes
Turn   | Place    | Note
-------+----------+-------------------------------------------
     0 | D:1      | greenreed the Coglin Gladiator began the quest for the Orb.
     0 | D:1      | Reached XP level 1. HP: 16/16 MP: 1/1
   126 | D:1      | Reached XP level 2. HP: 17/22 MP: 2/2
   503 | D:1      | Found a faded altar of an unknown god.
   592 | D:1      | Reached XP level 3. HP: 28/28 MP: 3/3
   630 | D:1      | Found Goopso's Book Boutique.
  1430 | D:2      | Reached XP level 4. HP: 33/34 MP: 4/4
  1507 | D:2      | Identified the ring "Apau" {Fire Str+3 Dex+4}
  1997 | D:3      | Noticed a phantom
  2010 | D:3      | Killed a phantom
  2011 | D:3      | Reached skill level 3 in Fighting
  2011 | D:3      | Reached skill level 1 in Armour
  2011 | D:3      | Reached XP level 5. HP: 41/41 MP: 5/5
  2113 | D:3      | Identified the staff of Absolution {*Corrode rC+ Int+2
                  | Dex+5 Summ Ice}
  2783 | D:4      | Reached XP level 6. HP: 30/48 MP: 6/6
  3126 | D:4      | Reached skill level 4 in Fighting
  3169 | D:4      | Found Zieklioss's Magic Scroll Boutique.
  3172 | D:4      | Bought 3 scrolls of identify for 66 gold pieces
  3172 | D:4      | Bought a scroll of teleportation for 33 gold pieces
  3172 | D:4      | Bought a scroll of identify for 22 gold pieces
  3584 | D:5      | Entered Level 5 of the Dungeon
  3637 | D:5      | Noticed Dowan
  3663 | D:5      | Reached XP level 7. HP: 25/55 MP: 7/7
  3673 | D:5      | Killed Dowan
  3860 | D:5      | Noticed Duvessa
  3894 | D:5      | Killed Duvessa
  4099 | D:5      | Reached skill level 5 in Polearms
  4172 | D:5      | Reached skill level 5 in Fighting
  4216 | D:5      | Reached XP level 8. HP: 61/62 MP: 8/8
  4576 | D:5      | Found a staircase to the Ecumenical Temple.
  4582 | Temple   | Entered the Ecumenical Temple
  4597 | Temple   | Became a worshipper of Makhleb the Destroyer
  4683 | D:6      | Noticed Sigmund
  4692 | D:6      | Killed Sigmund
  4693 | D:6      | Reached skill level 6 in Fighting
  4698 | D:6      | Reached skill level 1 in Invocations
  4917 | D:6      | Noticed Jeremiah
  4919 | D:6      | Found Icvoqah's General Store.
  4928 | D:6      | Killed Jeremiah
  4929 | D:6      | Reached skill level 5 in Dodging
  4929 | D:6      | Reached XP level 9. HP: 52/71 MP: 8/10
  5058 | D:6      | Bought a +0 cloak of poison resistance for 110 gold pieces
  5142 | D:6      | Reached skill level 7 in Fighting
  5507 | D:7      | Found a white marble altar of Elyvilon.
  5526 | D:7      | Reached * piety under Makhleb
  6354 | D:8      | Reached XP level 10. HP: 80/80 MP: 12/12
  6378 | D:8      | Reached skill level 8 in Fighting
  6567 | D:8      | Found an opulent altar of Gozag.
  6567 | D:8      | Found a bloodstained altar of Trog.
  6575 | D:8      | Found a faded altar of an unknown god.
  6577 | D:8      | Found a glowing golden altar of the Shining One.
  6579 | D:8      | Found an ornate altar of the Wu Jian Council.
  6632 | D:8      | Found a staircase to the Lair.
  6647 | D:8      | Reached ** piety under Makhleb
  6700 | D:8      | Noticed a boulder beetle
  6961 | D:8      | Killed a boulder beetle
  6962 | D:8      | Reached skill level 5 in Armour
  7080 | D:8      | Noticed a deep elf pyromancer
  7086 | D:8      | Killed a deep elf pyromancer
  7102 | D:8      | Noticed a manticore
  7102 | D:8      | Noticed a cyclops
  7108 | D:8      | Killed a cyclops
  7112 | D:8      | Killed a manticore
  7113 | D:8      | Reached skill level 9 in Fighting
  7510 | D:8      | Reached XP level 11. HP: 83/89 MP: 13/13
  8100 | D:9      | Noticed Erolcha
  8107 | D:9      | Killed Erolcha
  8152 | D:9      | Noticed an eight-headed hydra
  8156 | D:9      | Killed an eight-headed hydra
  8268 | D:9      | Noticed a green ugly thing
  8276 | D:9      | Killed a green ugly thing
  8297 | D:9      | Noticed a tengu warrior
  8317 | D:9      | Killed a tengu warrior
  8453 | D:9      | Noticed a centaur warrior
  8465 | D:9      | Killed a centaur warrior
  8466 | D:9      | Reached skill level 10 in Fighting
  8570 | D:9      | HP: 3/90 [something (5)]
  8571 | D:9      | Slain by a vampire

Illustrated notes

Levels and vault maps discovered:
D:1:      mrwooster_arrival_arrow, layout_basic, serial_shops, shop_coins,
          hellmonk_ecumenical_altar_pennies_from_heaven
D:2:      layout_basic
D:3:      cheibrodos_old_hovel, layout_basic
D:4:      layout_basic, serial_shops, nicolae_shop_rolled_up, hex_large,
          minmay_misc_feat_hallway, kennysheep_minor_cross,
          amcnicky_mini_corridor_feature
D:5:      cheibrodos_helix_gallery, layout_basic, temple_green,
          chequers_hall_statues_y, uniq_duvessa
D:6:      layout_cave_pools, serial_undead, serial_undead_e, serial_undead_f,
          serial_undead_a, serial_undead_b, serial_undead_b, serial_undead_b,
          serial_shops, nicolae_shop_just_a_little_nook, uniq_sigmund,
          uniq_jeremiah
D:7:      layout_cave_pools, mainiacjoe_overflow_cross_hatched
D:8:      minmay_the_grid_octo_triangle [minmay_the_grid_octo_clover,
          minmay_the_grid_octo_prize_single_spiral,
          minmay_the_grid_octo_fat_diamond], layout_basic,
          chequers_temple_overflow_minitemple, dpeg_lair_monsters,
          nicolae_the_louvre
D:9:      layout_loops_ring, mainiacjoe_overflow_small_starburst, kb_rosetta,
          uniq_erolcha
Temple:   cyrus_circular_temple

Skill      XL: |  1  2  3  4  5  6  7  8  9 10 11 |
---------------+----------------------------------+-----
Throwing       | 2 |  2.0
Polearms       | 3 4 5 6 7 8 9 |  9.5
Dodging        | 3 4 5 6 7 |  7.1
Fighting       | 3 4 5 6 7 9 10 | 10.0
Armour         | 1 2 3 4 5 6 |  6.2
Invocations    | 1 2 3 4 |  4.5

Action                     |  1- 3 |  4- 6 |  7- 9 | 10-12 || total
---------------------------+-------+-------+-------+-------++-------
  Melee: Trident           |    84 |   141 |   533 |   497 ||  1255
         Dagger            |    22 |       |       |       ||    22
         Spear             |    57 |   133 |    87 |       ||   277
  Throw: Throwing net      |       |       |     3 |     1 ||     4
 Invoke: Minor Destruction |       |       |       |     6 ||     6
  Evoke: Wand              |       |       |     1 |     4 ||     5
    Use: Scroll            |       |     6 |       |     2 ||     8
         Potion            |       |       |     1 |     2 ||     3
   Stab: Sleeping          |     4 |     3 |       |       ||     7
 Armour: Leather armour    |    36 |    13 |       |       ||    49
         Ring mail         |       |    76 |   239 |    45 ||   360
         Plate armour      |       |       |       |   168 ||   168
         Skin              |       |       |       |     1 ||     1
  Dodge: Dodged            |    45 |    60 |   230 |    91 ||   426

Table legend: (Time is in decaauts)
 A = Elapsed time spent in this place.
 B = Non-inter-level travel time spent in this place.
 C = Inter-level travel time spent in this place.
 D = Time resting spent in this place.
 E = Time spent auto-exploring this place.
 F = Levels seen in this place.
 G = Mean time per level.
                   A        B        C        D        E       F      G
               +--------+--------+--------+--------+--------+-----+--------+
         Total |   8526 |   8206 |    320 |   1056 |   5558 |  10 |  852.6 |
       Dungeon |   8495 |   8197 |    298 |   1056 |   5558 |   9 |  943.9 |
        Temple |     30 |      8 |     22 |      0 |      0 |   1 |   30.0 |
               +--------+--------+--------+--------+--------+-----+--------+

Top non-repeatable levels by time:
     D:8: 1347 daAuts
     D:1: 1170 daAuts
     D:5: 1046 daAuts
     D:4: 949 daAuts
     D:9: 874 daAuts
     D:7: 867 daAuts
     D:3: 792 daAuts
     D:6: 772 daAuts
     D:2: 675 daAuts
  Temple: 30 daAuts
